Cogmind - Beta 16 @@@ ROGUE MODE // 2025.12.21 @ 17:17:09 Player: lvl5hm Result: Destroyed by P-80 Master with Gamma Rifle Performance ------------- Evolutions (8) 4000 Regions Visited (15) 3000 Robots Destroyed (138) 690 Value Destroyed (3156) 3156 Prototype IDs (20) 400 Alien Tech Used (0) 0 Bonus (-189) -189 TOTAL SCORE: 11057 Bonus ------- Follower Combat Kills 844 Friendly Fire -1033 Cogmind --------- Core Integrity 0/1450 Matter 209/300 Energy 100/100 System Corruption 15% Temperature Cool (0) Movement Core (400) Ox7 Location -2/Research Parts ------- > --- POWER (2) -------- (None) > --- PROPULSION (8) --- (None) > --- UTILITY (11) ----- Experimental Coolant Injector Large Storage Unit Experimental Signal Interpreter Advanced Hacking Suite > --- WEAPON (2) ------- Nanosword > --- INVENTORY (15) --- Improved Melee Analysis Suite Improved Melee Analysis Suite Experimental Core Analyzer ECM Suite Advanced Phase Shifter Experimental Propulsion Shielding Experimental Utility Shielding Experimental Utility Shielding Graphene Brace Hacking Suite Authchip [Device] Authchip [Armor] Authchip [Armor] Enhanced Nova Cannon Peak State ------------ > --- POWER ------------ Micro Fission Core Micro Fission Core > --- PROPULSION ------- Cooled VTOL Module Cooled VTOL Module Cooled Cesium-ion Thruster Impulse Thruster Impulse Thruster Impulse Thruster Array > --- UTILITY ---------- Large Storage Unit Structural Scanner Long-range Sensor Array Experimental Signal Interpreter Experimental Transmission Jammer Experimental Propulsion Shielding Advanced Hacking Suite Advanced Hacking Suite Advanced Hacking Suite Advanced System Shield Advanced System Shield > --- WEAPON ----------- Nanosword Nanosword > --- INVENTORY -------- Experimental Coolant Injector Improved Melee Analysis Suite Improved Melee Analysis Suite Experimental Core Analyzer ECM Suite Reaction Control System Advanced Phase Shifter Experimental Propulsion Shielding Experimental Propulsion Shielding Experimental Utility Shielding Experimental Utility Shielding Graphene Brace Authchip [Device] Authchip [Armor] Enhanced Nova Cannon [Rating: 147] Favorites ----------- Power Micro Fission Core Engine Ion Engine Power Core Micro Fission Core Propulsion Cooled VTOL Module Treads Light Treads Flight Unit Cooled VTOL Module Utility Advanced Hacking Suite Device Seismic Detector Storage Huge Storage Unit Processor Improved Signal Interpreter Hackware Advanced Hacking Suite Protection Light Armor Plating Weapon Improved Assault Rifle Energy Gun Small Laser Energy Cannon Beam Cannon Ballistic Gun Improved Assault Rifle Launcher Rocket Launcher Special Weapon Remote Datajack Impact Weapon Maul Slashing Weapon Power Sword Special Melee Weapon Improved Datajack Build | -11 -10 -9 -8 -7 -6 -6 -6 -5 -5 -5 -4 -4 -4 -3 -2 ------- Run | Yrd Mat Mat Mat Fac Fac Was Fac Fac Was Fac Fac Was Fac Res Res Slots Evolved 16 | . . 2 2 2 2 . . 2 . . 2 . . 2 2 Power 1 | . . . . . . . . . . . . . . 1 . Propulsion 6 | . . 2 . . 1 . . 1 . . . . . 1 1 Utility 9 | . . . 2 2 1 . . 1 . . 2 . . . 1 Weapon . | . . . . . . . . . . . . . . . . Parts Attached 161 | 7 11 25 24 26 11 . 10 8 3 6 6 4 7 12 1 Power 22 | 1 2 4 3 3 1 . 1 . 1 2 . 1 3 . . Engine 11 | 1 2 4 3 1 . . . . . . . . . . . Core 11 | . . . . 2 1 . 1 . 1 2 . 1 3 . . Reactor . | . . . . . . . . . . . . . . . . Propulsion 48 | 2 3 13 11 9 1 . 3 . 1 . . 2 2 1 . Treads 28 | 2 3 12 11 . . . . . . . . . . . . Leg . | . . . . . . . . . . . . . . . . Wheel . | . . . . . . . . . . . . . . . . Hover . | . . . . . . . . . . . . . . . . Flight 20 | . . 1 . 9 1 . 3 . 1 . . 2 2 1 . Utility 69 | 2 3 4 6 12 8 . 6 8 . 2 5 1 2 9 1 Device 18 | 1 1 1 3 2 2 . . 1 . 2 2 1 . 1 1 Storage 6 | 1 2 . . 1 . . . 1 . . 1 . . . . Processor 5 | . . . 1 1 . . . 1 . . . . 1 1 . Hackware 30 | . . . . 8 5 . 6 3 . . 1 . 1 6 . Protection 10 | . . 3 2 . 1 . . 2 . . 1 . . 1 . Artifact . | . . . . . . . . . . . . . . . . Weapon 22 | 2 3 4 4 2 1 . . . 1 2 1 . . 2 . Energy Gun 2 | 1 . 1 . . . . . . . . . . . . . Energy Cannon 4 | . 2 . 2 . . . . . . . . . . . . Ballistic Gun 4 | 1 . 2 1 . . . . . . . . . . . . Ballistic Cannon . | . . . . . . . . . . . . . . . . Launcher 3 | . . . 1 . . . . . . 1 1 . . . . Special Weapon 3 | . 1 . . 1 . . . . 1 . . . . . . Impact Weapon 1 | . . 1 . . . . . . . . . . . . . Slashing Weapon 4 | . . . . 1 1 . . . . . . . . 2 . Piercing Weapon . | . . . . . . . . . . . . . . . . Special Melee Weapon 1 | . . . . . . . . . . 1 . . . . . Unidentified Prototypes 12 | . . 4 . . 2 . 1 . . . 1 . 1 2 1 Parts Lost 33 | . 3 2 2 2 . . 1 2 . 2 . 1 . . 18 Power 5 | . 1 1 . . . . . 1 . . . . . . 2 Propulsion 9 | . 1 . . . . . . . . 1 . 1 . . 6 Utility 17 | . . 1 2 2 . . 1 1 . 1 . . . . 9 Weapon 2 | . 1 . . . . . . . . . . . . . 1 Highest Loss Streak 18 | . 2 1 2 1 . . 1 2 . 2 . 1 . . 18 To Critical Strikes . | . . . . . . . . . . . . . . . . Average Backups 15 | . 6 22 24 9 8 10 9 11 14 14 14 14 14 14 14 Power . | . . . 1 . 1 1 1 . . 1 1 1 . . . Propulsion 4 | . 1 9 11 1 . . . . 1 . . . . . . Utility 8 | . 3 8 7 5 5 8 7 10 12 12 12 13 13 14 13 Weapon 1 | . . 2 3 1 1 . . . . . 1 . . . . Tool/Special . | . . . . . . . . . . . . . . . . Unused Backups 42 | . 1 4 5 5 3 1 2 2 2 1 1 1 2 . 12 Power 2 | . . . . . 1 . 1 . . . . . . . . Propulsion 6 | . . . 3 2 . . . . 1 . . . . . . Utility 21 | . 1 . 1 1 2 . . 1 . 1 1 1 1 . 11 Weapon 11 | . . 4 1 1 . 1 1 . 1 . . . 1 . 1 Tool/Special 2 | . . . . 1 . . . 1 . . . . . . . Average Slot Usage (%) 94 | . 96 99 99 89 91 100 99 92 91 93 76 85 89 83 87 Engine 5 | . 11 11 9 2 . . . . . . . . . . . Core 2 | . . . . 4 5 6 6 4 5 5 5 5 5 8 7 Treads 20 | . 27 43 36 . . . . . . . . . . . . Flight 13 | . . . . 29 31 33 33 34 29 28 19 23 26 23 24 Device 8 | . 14 7 12 7 5 6 5 3 5 5 7 10 9 5 9 Storage 8 | . 14 11 9 7 6 6 6 5 5 5 5 5 5 4 4 Processor 2 | . . . . 7 6 6 6 5 5 5 5 5 5 4 4 Hackware 11 | . . . . 20 26 26 26 28 29 28 21 21 21 22 20 Protection 4 | . . 3 13 . . . . 1 . . 5 9 10 5 6 Energy Gun 1 | . 10 . . . . . . . . . . . . . . Energy Cannon 2 | . 6 4 1 . . . . . . . . . . . . Ballistic Gun 8 | . 8 17 16 . . . . . . . . . . . . Slashing Weapon 2 | . . . . 6 6 6 6 4 5 4 5 4 5 5 7 Peak Build Rating 147 | 7 8 28 41 43 67 67 75 91 104 104 106 111 112 136 147 Average Rating 48 | 5 6 20 27 36 54 66 70 80 98 100 95 104 107 122 135 On Entrance 67 | . 7 8 25 41 43 67 67 74 88 104 93 103 108 112 136 Avg Prop Armor Cover (%) 4 | . . . . . 3 . . . . 5 . . . 6 5 Naked Turns . | . . . . . . . . . . . . . . . . Heaviest Build 112 | 14 90 101 112 19 23 23 25 34 34 36 33 33 34 38 40 Greatest Support 112 | 40 40 89 112 26 33 32 34 39 37 46 39 39 46 53 55 Greatest Overweight (x) 10 | 2 4 1 1 1 . . . 10 1 1 1 1 . 1 7 Average Overweight (x) . | . . 1 . . . . . . . . . . . . . Largest Inventory Capacity 25 | 8 25 25 25 25 10 10 10 15 15 15 15 15 15 15 15 Average Capacity 18 | 6 18 25 25 10 10 10 10 14 15 15 15 15 15 15 15 Most Carried 25 | 1 11 25 25 25 10 10 10 15 15 15 15 15 15 15 15 Average Carried 15 | . 6 22 24 9 8 9 9 11 14 14 14 14 14 14 13 Final Capacity 25 | 8 25 25 25 10 10 10 10 15 15 15 15 15 15 15 15 Final Carried 25 | 1 11 25 24 10 10 10 10 15 14 15 15 15 15 15 14 Class Distribution -------------------- 42% | Mutant 20% | Hacker-Sprinter 13% | Wizard-Sprinter 12% | Scavenger-Mutant 4% | Hacker-Scout Dominant Class ---------------- Mutant | -10/Materials Mutant | -9/Materials Scavenger-Mutant | -8/Materials Hacker-Sprinter | -7/Factory Hacker-Sprinter | -6/Factory Hacker-Sprinter | -6/Waste Hacker-Sprinter | -6/Factory Wizard-Sprinter | -5/Factory Wizard-Sprinter | -5/Waste Wizard-Sprinter | -5/Factory Hacker-Sprinter | -4/Factory Hacker-Scout | -4/Waste Hacker-Scout | -4/Factory Wizard-Sprinter | -3/Research Wizard-Scout | -2/Research Resources | -11 -10 -9 -8 -7 -6 -6 -6 -5 -5 -5 -4 -4 -4 -3 -2 ----------- Run | Yrd Mat Mat Mat Fac Fac Was Fac Fac Was Fac Fac Was Fac Res Res Matter Collected 4294 | 297 368 910 598 543 330 . 279 245 100 60 136 99 73 238 18 Remotely . | . . . . . . . . . . . . . . . . Salvage Created 5871 | 160 395 1699 865 471 643 . 279 409 135 105 224 151 47 270 18 Parts 339 | 16 30 100 58 29 21 . 12 20 7 12 9 7 3 12 3 Haulers Intercepted 14 | . 2 3 5 1 1 . 2 . . . . . . . . Recyclers Shooed 7 | . 4 3 . . . . . . . . . . . . . Parts Field Recycled . | . . . . . . . . . . . . . . . . Retrieved Matter . | . . . . . . . . . . . . . . . . Parts Self-Destructed . | . . . . . . . . . . . . . . . . Prevented . | . . . . . . . . . . . . . . . . Parts Restored . | . . . . . . . . . . . . . . . . Kills | -11 -10 -9 -8 -7 -6 -6 -6 -5 -5 -5 -4 -4 -4 -3 -2 ------- Run | Yrd Mat Mat Mat Fac Fac Was Fac Fac Was Fac Fac Was Fac Res Res Combat Hostiles Destroyed 58 | . 10 27 15 3 . . . 3 . . . . . . . Melee 3 | . . . . . . . . 3 . . . . . . . Guns 41 | . 10 20 11 . . . . . . . . . . . . Cannons 7 | . . 7 . . . . . . . . . . . . . AOE 7 | . . . 4 3 . . . . . . . . . . . Classes Destroyed 13 | 2 5 4 1 . . . . . 1 . . . . . . Worker 6 | . . 4 2 . . . . . . . . . . . . Builder 5 | . . 1 . 1 . . . . . 1 1 . . . 1 Tunneler 5 | 4 . . . 1 . . . . . . . . . . . Hauler 14 | . 2 3 5 1 1 . 2 . . . . . . . . Recycler 14 | 1 . 1 1 3 4 . . 2 . . 1 . . 1 . Operator 10 | . 1 3 1 1 1 . . . . 2 1 . . . . Watcher 21 | . 1 3 1 3 1 . 3 2 . 1 1 . 1 4 . Swarmer 19 | . 5 . 8 3 . . . 3 . . . . . . . Grunt 21 | . 5 16 . . . . . . . . . . . . . Brawler 1 | . . 1 . . . . . . . . . . . . . Sentry 16 | . . 10 6 . . . . . . . . . . . . Hunter 1 | . . . 1 . . . . . . . . . . . . Wasp 1 | . . . . . . . . . . . . 1 . . . Martyr 4 | . . . . . . . . . 2 . . 2 . . . Best Kill Streak 5 | 2 3 4 4 5 2 . 3 3 . 1 2 . 1 2 1 Combat Bots Only 4 | . 3 4 4 3 . . . 3 . . . . . . . Max Kills in Single Turn 4 | 1 1 1 4 2 1 . 1 1 1 1 1 1 1 1 1 Gunslinging . | . . . . . . . . . . . . . . . . Exploded 4 | . . . 4 1 . . . . . . . . . . . Melee 1 | . . . . . . . . 1 . . . . . . . Uniques/NPCs Destroyed . | . . . . . . . . . . . . . . . . Combat | -11 -10 -9 -8 -7 -6 -6 -6 -5 -5 -5 -4 -4 -4 -3 -2 -------- Run | Yrd Mat Mat Mat Fac Fac Was Fac Fac Was Fac Fac Was Fac Res Res Hostile Shots Fired 776 | . 87 148 81 58 14 . 6 37 . 25 18 1 30 31 240 Missed 324 | . 26 45 29 34 10 . 5 16 . 13 7 1 10 25 103 Hits 452 | . 61 103 52 24 4 . 1 21 . 12 11 . 20 6 137 Melee 1 | . . 1 . . . . . . . . . . . . . Projectile 451 | . 61 102 52 24 4 . 1 21 . 12 11 . 20 6 137 AOE 1 | . . . . . . . . . . . . . . . 1 Critical Strikes 24 | . . 5 2 . . . . . . . 1 . 1 . 15 Actively Blocked 3 | . . . . . . . . . . . . . . . 3 Part Disruptions 1 | . . . . . . . . . . . . . . . 1 Damage Taken 7521 | . 584 1469 749 282 60 . 20 329 . 332 186 . 371 155 2984 Core 2420 | . 140 169 95 118 35 . . 107 . . 82 . 95 117 1462 Absorbed by Shields 181 | . . . . . . . . . . . . . . . 181 Redirected to Shielding 710 | . . . . . . . . . . 33 28 . 148 34 467 Regen/Repaired (Parts) 874 | . . 165 . 46 2 . 36 28 113 65 135 . 92 . 192 Core Remaining (%) 80 | 100 44 57 82 83 . . 95 . . 89 . . 84 91 . Volleys Fired 269 | 9 69 116 69 6 . . . . . . . . . . . Largest 2 | 2 2 2 2 1 . . . . . . . . . . . Hottest 140 | 60 140 120 130 33 . . . . . . . . . . . Shots Fired 517 | 18 123 233 137 6 . . . . . . . . . . . Gun 449 | 18 116 191 124 . . . . . . . . . . . . Cannon 56 | . 2 42 12 . . . . . . . . . . . . Launcher 6 | . . . 1 5 . . . . . . . . . . . Special 6 | . 5 . . 1 . . . . . . . . . . . Kinetic 375 | 9 51 191 124 . . . . . . . . . . . . Thermal 135 | 9 72 42 12 . . . . . . . . . . . . Explosive 6 | . . . 1 5 . . . . . . . . . . . Electromagnetic . | . . . . . . . . . . . . . . . . Robot Hit Streak 25 | 6 9 25 22 1 . . . . . . . . . . . Robot Miss Streak 7 | 1 7 3 2 . . . . . . . . . . . . Penetration Max . | . . . . . . . . . . . . . . . . Secondary Targets 3 | . 2 1 . . . . . . . . . . . . . Max Gunslinging Chain 1 | . 1 1 . . . . . . . . . . . . . Shots Hit Robots 423 | 13 67 172 87 15 12 . 9 11 2 7 8 5 8 6 1 Core Hits 182 | 6 26 67 35 12 7 . 4 5 2 2 4 3 3 5 1 Critical Kills . | . . . . . . . . . . . . . . . . Critical Parts Destroyed 2 | . . 2 . . . . . . . . . . . . . Critical Strikes 6 | . . 2 . . . . . . . . . . 4 . . Destroy 2 | . . 2 . . . . . . . . . . . . . Sever 4 | . . . . . . . . . . . . . 4 . . Melee Attacks 286 | . . 1 3 42 30 . 37 52 2 26 17 5 20 21 30 Impact 4 | . . 1 3 . . . . . . . . . . . . Slashing 280 | . . . . 42 30 . 37 52 2 25 16 5 20 21 30 Piercing . | . . . . . . . . . . . . . . . . Sneak Attacks 35 | . . . . 6 6 . 3 3 2 4 3 5 . 2 1 Combat Hostiles . | . . . . . . . . . . . . . . . . Follow-up Attacks . | . . . . . . . . . . . . . . . . Damage Inflicted 10564 | 152 841 2736 1526 1099 783 . 571 613 136 416 449 397 344 401 100 Guns 4374 | 152 806 2232 1184 . . . . . . . . . . . . Cannons 683 | . 35 486 162 . . . . . . . . . . . . Explosions 517 | . . . 180 337 . . . . . . . . . . . Melee 4972 | . . . . 762 783 . 571 613 136 416 449 397 344 401 100 Ramming 18 | . . 18 . . . . . . . . . . . . . Kinetic 3881 | 66 399 2232 1184 . . . . . . . . . . . . Thermal 1176 | 86 442 486 162 . . . . . . . . . . . . Explosive 517 | . . . 180 337 . . . . . . . . . . . Electromagnetic . | . . . . . . . . . . . . . . . . Impact . | . . . . . . . . . . . . . . . . Slashing 4972 | . . . . 762 783 . 571 613 136 416 449 397 344 401 100 Piercing . | . . . . . . . . . . . . . . . . Highest Corruption 14 | . . 1 . 1 . . 7 . . 4 . . . . 14 Average Corruption 3 | . . 1 . 1 . . 7 . . 4 . . . . 4 Corruption Purged . | . . . . . . . . . . . . . . . . Corruption Blocked . | . . . . . . . . . . . . . . . . Effects 32 | . . 4 . 2 . . 26 . . . . . . . . Message Errors 9 | . . . . 2 . . 7 . . . . . . . . Matter Fused 10 | . . . . . . . 10 . . . . . . . . Heat Flow Errors 5 | . . 3 . . . . 2 . . . . . . . . Energy Discharges 2 | . . . . . . . 2 . . . . . . . . Parts Rejected 1 | . . . . . . . 1 . . . . . . . . Parts Fused 2 | . . . . . . . 2 . . . . . . . . Data Loss (minor) 1 | . . . . . . . 1 . . . . . . . . Misfires 1 | . . 1 . . . . . . . . . . . . . Alerts 1 | . . . . . . . 1 . . . . . . . . Overload Shots . | . . . . . . . . . . . . . . . . Overflow Damage 764 | . . . 18 176 42 . 54 174 . 160 81 58 1 . . Projectiles 18 | . . . 18 . . . . . . . . . . . . Explosions . | . . . . . . . . . . . . . . . . Melee 746 | . . . . 176 42 . 54 174 . 160 81 58 1 . . Knockbacks 1 | . . 1 . . . . . . . . . . . . . Impact 1 | . . 1 . . . . . . . . . . . . . Kinetic . | . . . . . . . . . . . . . . . . Secondary . | . . . . . . . . . . . . . . . . Self-Inflicted Damage . | . . . . . . . . . . . . . . . . Shots . | . . . . . . . . . . . . . . . . Rammed 1 | . . 1 . . . . . . . . . . . . . Targets Rammed 1 | . . 1 . . . . . . . . . . . . . Kicked . | . . . . . . . . . . . . . . . . Crushed . | . . . . . . . . . . . . . . . . Highest Temperature 475 | . 80 234 81 11 81 144 236 224 . 122 40 . 39 475 460 Average Temperature 53 | . 21 40 19 4 39 87 85 112 . 42 16 . 16 96 60 Received Heat Transfer 1450 | . 126 645 162 12 27 . 9 . . 63 49 . 21 9 327 Effects 1 | . . . . . . . . . . . . . . 1 . Damage (minor) 1 | . . . . . . . . . . . . . . 1 . Siege Activations . | . . . . . . . . . . . . . . . . Martial Activations . | . . . . . . . . . . . . . . . . Shielding Activations . | . . . . . . . . . . . . . . . . Robots Disrupted . | . . . . . . . . . . . . . . . . Combat Hostiles . | . . . . . . . . . . . . . . . . Robots Corrupted . | . . . . . . . . . . . . . . . . Combat Hostiles . | . . . . . . . . . . . . . . . . Parts Fried 1 | . . . 1 . . . . . . . . . . . . Impact Corruptions . | . . . . . . . . . . . . . . . . Robots Melted . | . . . . . . . . . . . . . . . . Combat Hostiles . | . . . . . . . . . . . . . . . . Parts Melted 3 | . 1 2 . . . . . . . . . . . . . Heat Transferred 2457 | 200 999 1036 222 . . . . . . . . . . . . Parts Sabotaged . | . . . . . . . . . . . . . . . . Parts Stolen . | . . . . . . . . . . . . . . . . Parts Stripped . | . . . . . . . . . . . . . . . . Power Chain Reactions . | . . . . . . . . . . . . . . . . Alert | -11 -10 -9 -8 -7 -6 -6 -6 -5 -5 -5 -4 -4 -4 -3 -2 ------- Run | Yrd Mat Mat Mat Fac Fac Was Fac Fac Was Fac Fac Was Fac Res Res Maximum Alert Level 2 | . . 1 . . . . . 1 . 1 . . 2 1 1 Low Security (%) 90 | 100 100 84 100 100 100 100 100 76 100 71 100 100 24 78 92 Level 1 9 | . . 15 . . . . . 23 . 28 . . 75 21 7 Level 2 . | . . . . . . . . . . . . . . . . Level 3 . | . . . . . . . . . . . . . . . . Level 4 . | . . . . . . . . . . . . . . . . Level 5 . | . . . . . . . . . . . . . . . . High Security . | . . . . . . . . . . . . . . . . Max Security . | . . . . . . . . . . . . . . . . Peak Influence 407 | 10 102 323 169 149 75 50 35 301 103 294 148 9 407 241 327 Initial 213 | . . . 3 56 . 20 35 . 103 . 138 9 . 213 64 Average 68 | 1 23 79 59 53 16 34 4 68 38 160 102 . 280 164 46 Influence Increases 5788 | 25 299 910 597 541 342 30 90 557 . 790 90 2 799 156 560 Destroy 0b10 Robot/C 1620 | . 200 540 300 60 . . . 60 . 240 . . 220 . . Destroy 0b10 Robot/NC 400 | 25 20 75 50 50 35 . 25 20 . 40 20 . 10 25 5 Destroy Leader 474 | . 46 192 102 18 4 . 10 4 . 44 2 . 44 8 . Allied During Kill 291 | . . . . . . . . . . 119 . . 172 . . Successful Hack 354 | . . 38 20 70 63 . . 49 . 7 15 . 14 54 24 Disable Machine 345 | . . 45 90 30 . . . 15 . 15 45 . 105 . . Destroy Structure 309 | . 3 5 20 28 15 . 25 64 . 40 8 2 24 24 51 Partial Spotted 450 | . . . . 45 135 30 . 135 . 30 . . 15 30 30 Lose Combat Pursuer 1545 | . 30 15 15 240 90 . 30 210 . 255 . . 195 15 450 Influence Decreases 5539 | 25 297 902 481 665 285 39 140 262 295 507 345 30 392 448 426 Entered New Map 736 | . . 2 7 70 2 39 15 . 192 . 145 19 . 194 51 Time Decay 3552 | 25 267 536 471 444 283 . 98 232 70 254 190 11 222 254 195 Lost Part 293 | . 30 20 3 20 . . . 20 . 20 . . . . 180 Lost Ally 458 | . . . . . . . 2 10 33 233 10 . 170 . . Purge Threat 500 | . . 344 . 131 . . 25 . . . . . . . . Squads Dispatched 59 | . 1 3 . 10 7 . 9 8 . 8 2 . 3 4 4 Investigation 28 | . . . . 6 5 . 4 4 . 3 2 . 1 2 1 Extermination 15 | . . . . 4 2 . 2 2 . 1 . . 1 1 2 Reinforcement 15 | . 1 3 . . . . 3 2 . 4 . . . 1 1 Assault . | . . . . . . . . . . . . . . . . Garrison 1 | . . . . . . . . . . . . . 1 . . Intercept . | . . . . . . . . . . . . . . . . Searches Triggered . | . . . . . . . . . . . . . . . . Unchained Authorized 5 | . . . . . . . . . . 1 1 . 1 1 1 Construction Impeded . | . . . . . . . . . . . . . . . . Haulers Reinforced . | . . . . . . . . . . . . . . . . Active Scanning Responses . | . . . . . . . . . . . . . . . . Cargo Convoy Interrupts 1 | . . . . . . . . . . . . . . 1 . Stealth | -11 -10 -9 -8 -7 -6 -6 -6 -5 -5 -5 -4 -4 -4 -3 -2 --------- Run | Yrd Mat Mat Mat Fac Fac Was Fac Fac Was Fac Fac Was Fac Res Res Distress Signals 25 | . . 4 3 2 1 . 2 1 . 3 3 . 2 . 4 Communications Jammed . | . . . . . . . . . . . . . . . . Distress Signals . | . . . . . . . . . . . . . . . . Times Spotted 393 | . 20 49 31 48 17 2 25 39 3 27 17 11 31 12 61 Peak Tracking Total 29 | . 4 6 4 11 7 3 6 11 2 18 13 6 11 6 29 Tactical Retreats 55 | . 1 1 1 12 4 . 4 7 . 5 1 2 5 2 10 ECM-based Alert Blocks 75 | . . . . 17 7 . 10 11 . 2 4 . 5 3 16 Traps | -11 -10 -9 -8 -7 -6 -6 -6 -5 -5 -5 -4 -4 -4 -3 -2 ------- Run | Yrd Mat Mat Mat Fac Fac Was Fac Fac Was Fac Fac Was Fac Res Res Traps Triggered 18 | . 4 3 1 1 2 . . 1 . 2 2 . . . 2 Indirectly . | . . . . . . . . . . . . . . . . Trap Hack Attempts . | . . . . . . . . . . . . . . . . Triggered . | . . . . . . . . . . . . . . . . Disarmed . | . . . . . . . . . . . . . . . . Reprogrammed . | . . . . . . . . . . . . . . . . Reused . | . . . . . . . . . . . . . . . . Traps Extracted . | . . . . . . . . . . . . . . . . Installed . | . . . . . . . . . . . . . . . . Triggered . | . . . . . . . . . . . . . . . . Machines | -11 -10 -9 -8 -7 -6 -6 -6 -5 -5 -5 -4 -4 -4 -3 -2 ---------- Run | Yrd Mat Mat Mat Fac Fac Was Fac Fac Was Fac Fac Was Fac Res Res Machines Disabled 23 | . . 3 6 2 . . . 1 . 1 3 . 7 . . Max in Single Turn 2 | . . 1 2 1 . . . 1 . . 1 . . . . Garrison Access 11 | . . . . 3 1 . 1 2 . . 1 . 1 1 1 Machines Repaired . | . . . . . . . . . . . . . . . . Machines Dismantled . | . . . . . . . . . . . . . . . . Machines Sabotaged . | . . . . . . . . . . . . . . . . Overloaded Fab Kills . | . . . . . . . . . . . . . . . . Hacking | -11 -10 -9 -8 -7 -6 -6 -6 -5 -5 -5 -4 -4 -4 -3 -2 --------- Run | Yrd Mat Mat Mat Fac Fac Was Fac Fac Was Fac Fac Was Fac Res Res Machines Accessed 135 | . 3 11 8 22 15 . 16 17 . 6 8 . 10 8 11 Terminals 76 | . 3 7 6 12 7 . 9 9 . 3 3 . 6 5 6 Fabricators 25 | . . . . 5 5 . 3 4 . 1 2 . 2 2 1 Repair Stations 15 | . . 2 1 2 1 . 2 1 . 1 2 . 1 . 2 Recycling Units . | . . . . . . . . . . . . . . . . Scanalyzers 8 | . . 2 1 . 1 . 1 1 . 1 . . . . 1 Garrison Access 11 | . . . . 3 1 . 1 2 . . 1 . 1 1 1 Total Hacks 384 | . 10 37 22 53 44 . 41 38 . 18 20 . 25 40 36 Successful 272 | . 4 26 8 38 34 . 29 31 . 14 17 . 22 29 20 Failed 110 | . 5 10 14 15 10 . 12 7 . 4 3 . 3 11 16 Catastrophic 13 | . 1 . . . 1 . 2 . . . . . . 1 8 Database Lockouts 2 | . 1 1 . . . . . . . . . . . . . Manual 191 | . 8 7 10 21 27 . 22 17 . 11 11 . 15 19 23 Terminals 215 | . 10 16 16 26 22 . 23 21 . 11 9 . 14 22 25 Fabricators 91 | . . . . 17 17 . 12 10 . 4 6 . 6 17 2 Repair Stations 44 | . . 10 2 6 2 . 4 3 . 2 4 . 4 . 7 Recycling Units . | . . . . . . . . . . . . . . . . Scanalyzers 21 | . . 11 4 . 2 . 1 1 . 1 . . . . 1 Garrison Access 13 | . . . . 4 1 . 1 3 . . 1 . 1 1 1 Terminal Hacks 81 | . 1 10 3 10 7 . 8 13 . 6 3 . 4 9 7 Part Schematic 10 | . 1 1 . 1 3 . . 2 . . . . . 1 1 Prototype ID Bank 1 | . . 1 . . . . . . . . . . . . . Level Access Points 8 | . . . . . 1 . 1 1 . 1 1 . 1 1 1 Branch Access Points 1 | . . 1 . . . . . . . . . . . . . Emergency Access Points 1 | . . . . . . . . 1 . . . . . . . Machine Index 2 | . . . . . . . . 1 . . . . . . 1 Terminal Index 9 | . . . . 1 1 . 1 1 . 1 1 . 1 1 1 Fabricator Index 7 | . . . . 1 1 . 1 . . 1 1 . 1 1 . Repair Station Index 3 | . . . . . . . 1 . . 1 . . . 1 . Unreport Threat 7 | . . 4 . 1 . . 2 . . . . . . . . Locate Traps 11 | . . 1 1 3 1 . 1 1 . . . . 1 1 1 Patrol Status 1 | . . . . . . . . . . . . . . 1 . Transport Status 1 | . . . 1 . . . . . . . . . . . . Recall Investigation 2 | . . . . . . . . 2 . . . . . . . Recall Extermination 5 | . . . . 1 . . 1 1 . . . . . 1 1 Recall Reinforcements 1 | . . . . . . . . 1 . . . . . . . Hauler Manifests 3 | . . 2 1 . . . . . . . . . . . . Registered Components 5 | . . . . 1 . . . 1 . 1 . . . 1 1 Registered Prototypes 3 | . . . . 1 . . . 1 . 1 . . . . . Fabricator Hacks 60 | . . . . 11 11 . 10 6 . 2 4 . 3 12 1 Network Status 1 | . . . . . . . . 1 . . . . . . . Load Schematic 40 | . . . . 8 8 . 6 4 . 1 3 . 2 7 1 Build 19 | . . . . 3 3 . 4 1 . 1 1 . 1 5 . Repair Station Hacks 35 | . . 5 . 6 2 . 4 2 . 2 4 . 4 . 6 Scan Component 18 | . . 3 . 3 1 . 2 1 . 1 2 . 2 . 3 Repair 17 | . . 2 . 3 1 . 2 1 . 1 2 . 2 . 3 Recycling Unit Hacks . | . . . . . . . . . . . . . . . . Scanalyzer 17 | . . 8 3 . 2 . 1 1 . 1 . . . . 1 Insert Component 5 | . . 4 1 . . . . . . . . . . . . Analyze 4 | . . 3 1 . . . . . . . . . . . . Retrieve Study 8 | . . 1 1 . 2 . 1 1 . 1 . . . . 1 Garrison Access Hacks 11 | . . . . 3 1 . 1 2 . . 1 . 1 1 1 Seal Access 11 | . . . . 3 1 . 1 2 . . 1 . 1 1 1 Unauthorized Hacks 68 | . 3 3 2 8 11 . 5 7 . 3 5 . 10 7 4 Terminals 43 | . 3 3 2 3 6 . 3 3 . 2 3 . 8 4 3 Assimilate 13 | . 1 . . . 3 . 2 2 . 1 1 . 3 . . Botnet 23 | . 1 2 1 2 2 . 1 1 . 1 2 . 5 3 2 Operators 7 | . 1 1 1 1 1 . . . . . . . . 1 1 Fabricators 25 | . . . . 5 5 . 2 4 . 1 2 . 2 3 1 Prioritize 4 | . . . . . . . . 1 . 1 . . 1 1 . Recompile 21 | . . . . 5 5 . 2 3 . . 2 . 1 2 1 Repair Stations . | . . . . . . . . . . . . . . . . Recycling Units . | . . . . . . . . . . . . . . . . Scanalyzers . | . . . . . . . . . . . . . . . . Garrison Access . | . . . . . . . . . . . . . . . . Data Cores Recovered . | . . . . . . . . . . . . . . . . Used . | . . . . . . . . . . . . . . . . Hacking Detections 76 | . 2 5 6 14 7 . 7 8 . 4 5 . 3 7 8 Full Trace Events 7 | . 1 . . 1 . . 2 1 . 2 . . . . . Feedback Events 1 | . . . . . . . 1 . . . . . . . . Hackware Fried 1 | . . . . . . . 1 . . . . . . . . Feedback Blocked 2 | . . . . . . . 1 . . 1 . . . . . Robot Schematics Acquired . | . . . . . . . . . . . . . . . . Robots Built . | . . . . . . . . . . . . . . . . Authchips . | . . . . . . . . . . . . . . . . Time . | . . . . . . . . . . . . . . . . Total Robot Build Rating . | . . . . . . . . . . . . . . . . Part Schematics Acquired 14 | . 1 4 1 1 3 . . 2 . . . . . 1 1 Parts Built 20 | . . . . 3 3 . 4 1 . 2 1 . 1 5 . Authchips 18 | . . . . 3 3 . 4 1 . . 1 . 1 5 . Time 881 | . . . . 155 159 . 179 93 . 29 50 . 26 190 . Total Part Build Rating 112 | . . . . 12 18 . 20 7 . 14 5 . 6 30 . Part Studies Acquired 8 | . . 1 1 . 2 . 1 1 . 1 . . . . 1 Parts Repaired 17 | . . 2 . 3 1 . 2 1 . 1 2 . 2 . 3 Time 991 | . . 102 . 191 88 . 140 35 . 70 114 . 136 . 115 Parts Recycled . | . . . . . . . . . . . . . . . . Recycled Matter . | . . . . . . . . . . . . . . . . Retrieved Matter . | . . . . . . . . . . . . . . . . Retrieved Components . | . . . . . . . . . . . . . . . . Parts Scanalyzed 4 | . . 3 1 . . . . . . . . . . . . Part Schematics Acquired 4 | . . 3 1 . . . . . . . . . . . . Parts Damaged . | . . . . . . . . . . . . . . . . Bothacking | -11 -10 -9 -8 -7 -6 -6 -6 -5 -5 -5 -4 -4 -4 -3 -2 ------------ Run | Yrd Mat Mat Mat Fac Fac Was Fac Fac Was Fac Fac Was Fac Res Res Used RIF Installer . | . . . . . . . . . . . . . . . . Robots Hacked 1 | . . . . . . . . . . . 1 . . . . Non-combat 1 | . . . . . . . . . . . 1 . . . . Combat . | . . . . . . . . . . . . . . . . Robot Hacks Applied 1 | . . . . . . . . . . . 1 . . . . find_chute 1 | . . . . . . . . . . . 1 . . . . Relay Couplers Released . | . . . . . . . . . . . . . . . . Fabnet Peak Effective % . | . . . . . . . . . . . . . . . . Robots Rewired . | . . . . . . . . . . . . . . . . Allies Hacked 1 | . . . . . . . . . . . . . 1 . . Hacks Repelled . | . . . . . . . . . . . . . . . . Allies | -11 -10 -9 -8 -7 -6 -6 -6 -5 -5 -5 -4 -4 -4 -3 -2 -------- Run | Yrd Mat Mat Mat Fac Fac Was Fac Fac Was Fac Fac Was Fac Res Res Total Allies 49 | . . . . . 2 1 2 2 19 . 1 19 3 . . Largest Group 19 | . . . . . 2 1 3 1 19 13 1 19 9 . . Highest-Rated Group 684 | . . . . . 36 31 62 26 669 441 26 684 360 . . Highest-Rated Ally 50 | . . . . . 26 31 26 26 50 46 26 50 46 . . Total Orders 8 | . . . . . 1 . 2 2 . . 1 . 2 . . STAY 5 | . . . . . 1 . 1 1 . . 1 . 1 . . FOLLOW 3 | . . . . . . . 1 1 . . . . 1 . . Ally Attacks 506 | . . . . . . 1 . . 169 123 . 138 75 . . Total Damage 10802 | . . . . . . . . . 3503 1983 . 3298 2018 . . Kills 41 | . . . . . . . . . 7 16 . 6 12 . . Allies Corrupted 3 | . . . . . . . . . . 1 . . 2 . . Allies Melted 1 | . . . . . . . . . . . . . . 1 . Intel | -11 -10 -9 -8 -7 -6 -6 -6 -5 -5 -5 -4 -4 -4 -3 -2 ------- Run | Yrd Mat Mat Mat Fac Fac Was Fac Fac Was Fac Fac Was Fac Res Res Active Infowar (turns) 12255 | 108 1740 1762 2427 1260 650 15 628 653 236 531 383 275 479 556 552 Sensors 5667 | . . . . 1113 593 15 500 568 236 510 357 275 442 515 543 Structural 1413 | . . . . . . . . . . 17 149 275 270 193 509 Seismic 6036 | 108 1740 1761 2427 . . . . . . . . . . . . T.N.C. 42 | . . . . 42 . . . . . . . . . . . ECM 714 | . . 1 . 175 57 . 128 85 . 17 26 . 30 17 178 Robot Analysis Total . | . . . . . . . . . . . . . . . . Derelict Logs Recovered . | . . . . . . . . . . . . . . . . Drone Launches . | . . . . . . . . . . . . . . . . Drone Recoveries . | . . . . . . . . . . . . . . . . Exploration | -11 -10 -9 -8 -7 -6 -6 -6 -5 -5 -5 -4 -4 -4 -3 -2 ------------- Run | Yrd Mat Mat Mat Fac Fac Was Fac Fac Was Fac Fac Was Fac Res Res Turns Passed 14604 | 212 1777 3509 2428 1299 715 15 704 880 236 542 383 275 479 556 594 Spaces Moved 18958 | 104 749 1255 907 3207 1997 73 2053 2213 289 1224 690 389 1281 1254 1273 Core 17 | 10 . . . . . . . 1 . . . . . . 6 Treads 3005 | 94 749 1255 907 . . . . . . . . . . . . Legs . | . . . . . . . . . . . . . . . . Wheels . | . . . . . . . . . . . . . . . . Hover . | . . . . . . . . . . . . . . . . Flight 15936 | . . . . 3207 1997 73 2053 2212 289 1224 690 389 1281 1254 1267 Fastest Speed 6 | 50 160 225 156 17 11 14 11 6 20 12 18 25 19 13 13 Average Speed 56 | 154 199 233 230 27 24 18 22 20 23 26 32 28 26 27 26 Slowest Speed 550 | 160 480 240 242 96 27 24 24 550 91 107 102 107 27 99 400 Overloaded Moves 616 | . . . . 27 15 59 6 61 . 40 37 260 27 8 76 Propulsion Burnouts 1 | . . . . . . . . . . . . 1 . . . Robots Hopped 94 | . . . . 15 12 . 9 13 . 22 2 4 3 5 9 Potential Cave-ins . | . . . . . . . . . . . . . . . . Cave-ins Triggered . | . . . . . . . . . . . . . . . . Exploration Rate (%) 51 | 5 86 97 69 62 53 66 44 49 88 28 19 89 28 18 30 Regions Visited 15 Branch Regions . Pre-discovered Areas . | . . . . . . . . . . . . . . . . Known Exits Taken 6 | . . . 1 1 . . 1 . . 1 . . 1 1 . Unknown Exits Taken 3 | 1 1 1 . . . . . . . . . . . . . Scrap Searched . | . . . . . . . . . . . . . . . . Spaces Dug 164 | . 5 1 1 21 15 . 25 32 . 19 4 . 12 12 17 Terrain Destroyed 194 | . 5 1 18 34 15 . 25 32 . 19 4 . 12 12 17 Melee 159 | . . 1 1 21 15 . 25 32 . 19 4 . 12 12 17 Projectile 8 | . 5 . 3 . . . . . . . . . . . . AOE 27 | . . . 14 13 . . . . . . . . . . . Terrain Rammed . | . . . . . . . . . . . . . . . . Walls Destroyed . | . . . . . . . . . . . . . . . . Machines Disabled . | . . . . . . . . . . . . . . . . Actions | -11 -10 -9 -8 -7 -6 -6 -6 -5 -5 -5 -4 -4 -4 -3 -2 --------- Run | Yrd Mat Mat Mat Fac Fac Was Fac Fac Was Fac Fac Was Fac Res Res Total 21755 | 134 889 1602 1109 3535 2159 74 2225 2532 454 1385 826 541 1382 1425 1483 Wait 1771 | 14 33 152 68 194 98 . 102 240 145 134 96 140 58 127 170 Move 18772 | 103 748 1254 906 3176 1974 72 2034 2193 288 1183 686 382 1274 1243 1256 Hop 80 | . . . . 15 11 . 9 7 . 18 2 2 3 5 8 Pick Up 133 | 1 9 20 10 22 11 1 13 12 5 4 6 2 6 4 7 Fast Attach 54 | 7 10 5 4 6 3 . 1 1 1 2 6 2 . 5 1 Attach 71 | . 1 5 2 19 7 . 8 6 2 1 4 1 3 6 6 Detach 24 | . 1 3 1 7 2 . 1 2 . 1 1 1 . 4 . Swap 182 | . 13 24 23 26 15 . 15 17 4 10 2 3 11 9 10 Drop 119 | . 5 21 23 22 8 1 5 2 7 6 6 3 7 1 2 Fire 269 | 9 69 116 69 6 . . . . . . . . . . . Melee 277 | . . 1 3 42 30 . 37 52 2 26 17 5 20 21 21 Ram . | . . . . . . . . . . . . . . . . Kick . | . . . . . . . . . . . . . . . . Crush 1 | . . 1 . . . . . . . . . . . . . Escape Stasis 2 | . . . . . . . . . . . . . . . 2 Rewire . | . . . . . . . . . . . . . . . . Trap . | . . . . . . . . . . . . . . . . Miscellaneous . | . . . . . . . . . . . . . . . . Route ------- -11/Scrapyard -10/Materials (discovered 5 exits: *Mat x3 / [*Min x2]) -9/Materials (discovered 6 exits: *Mat x3 / *Min / *Sto x2) -8/Materials (discovered 2 exits: *Fac x2) -7/Factory (discovered 4 exits: *Fac x3 / *Low) -6/Factory (discovered 5 exits: *Fac x4 / *Low) -6/Waste -6/Factory (discovered 6 exits: *Fac x4 / *Low x2) -5/Factory (discovered 4 exits: *Fac x4) -5/Waste -5/Factory (discovered 4 exits: *Fac x4) -4/Factory (discovered 4 exits: *Res x4) -4/Waste -4/Factory (discovered 4 exits: *Res x4) -3/Research (discovered 4 exits: *Res x3 / *Arm) -2/Research (discovered 4 exits: Acc x3 / *Tes) History --------- Turn | Location | Event 13 | -11/Scrapyard | Discovered new exit (range 15) 213 | -11/Scrapyard | Entered Materials 309 | -10/Materials | Build established: Mutant 366 | -10/Materials | Central database locked down 588 | -10/Materials | Discovered new exit (range 13) 853 | -10/Materials | Discovered new exit (range 16) 982 | -10/Materials | Discovered new exit (range 7) 1372 | -10/Materials | Discovered new exit (range 8) 1492 | -10/Materials | Core integrity fell below 50% 1955 | -10/Materials | Discovered new exit (range 11) 1990 | -10/Materials | Entered another Materials area 1990 | -9/Materials | Evolved 2 slots: Propulsion x2 3210 | -9/Materials | Discovered new exit (range 15) 3278 | -9/Materials | Central database locked down 3733 | -9/Materials | Discovered new exit (range 12) 3736 | -9/Materials | Build established: Scavenger-Mutant 4060 | -9/Materials | Discovered new exit (range 12) 4224 | -9/Materials | Build established: Mutant 4365 | -9/Materials | Discovered new exit (range 13) 4561 | -9/Materials | Repaired Imp. Assault Rifle 4614 | -9/Materials | Repaired Imp. Assault Rifle 4894 | -9/Materials | Discovered new exit (range 16) 5173 | -9/Materials | Discovered new exit (range 15) 5252 | -9/Materials | Identified exit to Mines 5252 | -9/Materials | Identified exit to Storage 5499 | -9/Materials | Entered another Materials area 5499 | -8/Materials | Evolved 2 slots: Utility x2 6676 | -8/Materials | Build established: Scavenger-Mutant 7267 | -8/Materials | Discovered new exit (range 9) 7855 | -8/Materials | Discovered new exit (range 16) 7927 | -8/Materials | Identified exit to Factory 7927 | -8/Materials | Entered Factory 7927 | -7/Factory | Evolved 2 slots: Utility x2 8121 | -7/Factory | Discovered new exit (range 8) 8123 | -7/Factory | Identified exit to Factory 8193 | -7/Factory | Repaired Imp. Flight Unit 8378 | -7/Factory | Build established: Hacker-Sprinter 8475 | -7/Factory | Fabricated Cld. VTOL Module (x1) 8650 | -7/Factory | Fabricated Cld. VTOL Module? 8774 | -7/Factory | Discovered exit to Factory (range 12) 8815 | -7/Factory | Discovered new exit (range 13) 8851 | -7/Factory | Identified exit to Lower Caves 8884 | -7/Factory | Discovered exit to Factory (range 12) 9057 | -7/Factory | Fabricated Cld. VTOL Module? 9090 | -7/Factory | Repaired Cld. VTOL Module 9163 | -7/Factory | Repaired Cld. VTOL Module 9226 | -7/Factory | Entered another Factory area 9226 | -6/Factory | Evolved 2 slots: Propulsion x1, Utility x1 9279 | -6/Factory | Spotted B-75 Beast 9410 | -6/Factory | Discovered new exit (range 10) 9446 | -6/Factory | Identified exit to Factory 9500 | -6/Factory | Noticed a derelict Sapper rigging charges 9583 | -6/Factory | Fabricated Adv. Hacking Suite (x1) 9623 | -6/Factory | Allied Derelicts emerged from ambush trap array 9640 | -6/Factory | Fabricated Adv. Hacking Suite? 9642 | -6/Factory | Repaired Broken Cld. VTOL Module? 9786 | -6/Factory | Fabricated Adv. Hacking Suite (x1) 9831 | -6/Factory | Discovered new exit (range 7) 9941 | -6/Factory | Manually triggered Chute Trap 9941 | -6/Factory | Sucked down chute 9941 | -6/Factory | Entered Waste 9942 | -6/Waste | Met a frightened Derelict 9944 | -6/Waste | Spotted C-40 Crusher 9948 | -6/Waste | Spotted C-40 Crusher 9949 | -6/Waste | Spotted C-40 Crusher 9950 | -6/Waste | Spotted C-40 Crusher 9950 | -6/Waste | Spotted C-40 Crusher 9951 | -6/Waste | Discovered new exit (range 10) 9953 | -6/Waste | Identified exit to Factory 9956 | -6/Waste | EMP discharged 9956 | -6/Waste | Entered Factory 9986 | -6/Factory | 1 allies followed down the chute 10055 | -6/Factory | Hacking Suite fried by hacking feedback 10139 | -6/Factory | Discovered new exit (range 5) 10140 | -6/Factory | Identified exit to Lower Caves 10184 | -6/Factory | Fabricated Exp. Propulsion Shielding (x1) 10237 | -6/Factory | Fabricated Exp. Utility Shielding (x1) 10283 | -6/Factory | Repaired Cld. VTOL Module? 10283 | -6/Factory | Fabricated Cld. VTOL Module? 10349 | -6/Factory | Repaired Cld. VTOL Module? 10434 | -6/Factory | Fabricated Adv. Hacking Suite (x1) 10622 | -6/Factory | Discovered exit to Lower Caves (range 8) 10660 | -6/Factory | Entered another Factory area 10660 | -5/Factory | Evolved 2 slots: Propulsion x1, Utility x1 10716 | -5/Factory | Repaired Cld. VTOL Module 10906 | -5/Factory | Discovered new exit (range 9) 10907 | -5/Factory | Identified exit to Factory 11145 | -5/Factory | Fabricated Exp. Signal Interpreter? 11255 | -5/Factory | Build established: Wizard-Sprinter 11540 | -5/Factory | Sucked down chute 11540 | -5/Factory | Entered Waste 11541 | -5/Waste | Met a frightened Derelict 11551 | -5/Waste | Spotted C-40 Crusher 11554 | -5/Waste | Warlord forces began an assault 11592 | -5/Waste | Spotted C-40 Crusher 11595 | -5/Waste | Spotted C-40 Crusher 11601 | -5/Waste | Allies destroyed C-40 Crusher 11603 | -5/Waste | Allies destroyed C-40 Crusher 11609 | -5/Waste | Spotted C-40 Crusher 11613 | -5/Waste | Allies destroyed C-40 Crusher 11615 | -5/Waste | Spotted C-40 Crusher 11638 | -5/Waste | Allies destroyed C-40 Crusher 11699 | -5/Waste | Spotted C-40 Crusher 11700 | -5/Waste | Allies destroyed C-40 Crusher 11708 | -5/Waste | Discovered new exit (range 13) 11711 | -5/Waste | Identified exit to Factory 11776 | -5/Waste | Entered Factory 11776 | -5/Factory | Accompanied by 13 allies 11891 | -5/Factory | Fabricated Lrn. Sensor Array (x2) 11980 | -5/Factory | Unchained authorized (DW-4LL) 12097 | -5/Factory | Repaired Cld. VTOL Module 12119 | -5/Factory | DW-4LL burst out of a wall 12165 | -5/Factory | DW-4LL burst out of a wall 12216 | -5/Factory | DW-4LL burst out of a wall 12277 | -5/Factory | Found Prototype Launcher 12306 | -5/Factory | DW-4LL burst out of a wall 12318 | -5/Factory | Entered another Factory area 12318 | -4/Factory | Evolved 2 slots: Utility x2 12401 | -4/Factory | Repaired Impulse Thruster Array 12464 | -4/Factory | Identified exit to Research 12490 | -4/Factory | Unchained authorized (DW-4LL) 12644 | -4/Factory | Repaired Cld. Cesium-ion Thruster 12652 | -4/Factory | Fabricated Exp. Propulsion Shielding? 12658 | -4/Factory | Identified Tesla Bomb Launcher 12701 | -4/Factory | Sucked down chute 12701 | -4/Factory | Entered Waste 12705 | -4/Waste | Spotted C-40 Crusher 12707 | -4/Waste | Spotted C-40 Crusher 12710 | -4/Waste | Spotted C-40 Crusher 12726 | -4/Waste | Spotted C-40 Crusher 12768 | -4/Waste | Spotted C-40 Crusher 12785 | -4/Waste | Spotted C-40 Crusher 12793 | -4/Waste | Discovered new exit (range 16) 12800 | -4/Waste | Warlord forces began an assault 12836 | -4/Waste | Allies destroyed C-40 Crusher 12853 | -4/Waste | Murdered 3 allies 12858 | -4/Waste | Allies destroyed C-40 Crusher 12864 | -4/Waste | Allies destroyed C-40 Crusher 12871 | -4/Waste | Allies destroyed C-40 Crusher 12876 | -4/Waste | Allies destroyed C-40 Crusher 12898 | -4/Waste | Allies destroyed C-40 Crusher 12926 | -4/Waste | Lost 8 allies 12928 | -4/Waste | Identified exit to Factory 12976 | -4/Waste | Entered Factory 12976 | -4/Factory | Accompanied by 8 allies 13003 | -4/Factory | Garrison activated, responded to threat 13060 | -4/Factory | Repaired Exp. Propulsion Shielding 13096 | -4/Factory | P-70 Sage assimilated allied IQ-SMH(g) 13185 | -4/Factory | Unchained authorized (DW-4LL) 13224 | -4/Factory | Repaired Mic. Fission Core+? 13239 | -4/Factory | Fabricated Adv. Hacking Suite? 13282 | -4/Factory | DW-4LL burst out of a wall 13315 | -4/Factory | Found Prototype Processor 13315 | -4/Factory | Identified Exp. Core Analyzer 13319 | -4/Factory | Found Exp. Core Analyzer 13324 | -4/Factory | Lost 3 allies 13324 | -4/Factory | Spotted B-86 Titan 13426 | -4/Factory | DW-4LL burst out of a wall 13455 | -4/Factory | Entered Research 13455 | -3/Research | Evolved 2 slots: Power x1, Propulsion x1 13459 | -3/Research | Identified exit to Research 13614 | -3/Research | Found Prototype Processor 13614 | -3/Research | Identified Spectral Analyzer 13649 | -3/Research | Fabricated Exp. Utility Shielding (x1) 13671 | -3/Research | Discovered new exit (range 13) 13675 | -3/Research | Identified exit to Armory 13704 | -3/Research | Fabricated Exp. Propulsion Shielding? 13774 | -3/Research | Fabricated Nanosword (x1) 13810 | -3/Research | Fabricated Nanosword (x1) 13938 | -3/Research | Unchained authorized (QV-33N) 13955 | -3/Research | Cargo convoy interrupted 13984 | -3/Research | Fabricated Cld. VTOL Module (x1) 14011 | -3/Research | Entered another Research area 14011 | -2/Research | Evolved 2 slots: Propulsion x1, Utility x1 14024 | -2/Research | Spotted B-90 Cyclops 14058 | -2/Research | Repaired Exp. Propulsion Shielding 14100 | -2/Research | Repaired Exp. Propulsion Shielding 14203 | -2/Research | Identified exit to Access 14219 | -2/Research | Unchained authorized (QV-33N) 14279 | -2/Research | Repaired Cld. VTOL Module 14351 | -2/Research | Found Prototype Device 14351 | -2/Research | Identified Exp. Transmission Jammer 14380 | -2/Research | Discovered new exit (range 2) 14380 | -2/Research | Identified exit to Testing 14591 | -2/Research | Core integrity fell below 50% 14595 | -2/Research | System corruption reached 10% 14599 | -2/Research | Core integrity fell below 20% 14605 | -2/Research | Destroyed by P-80 Master with Gamma Rifle Last Messages --------------- 14590_ Stasis field depleted. 14590_ Adv. Hacking Suite destroyed. 14591_ K-01 Serf collects debris. 14592_ S-43 Plague misfires. 14593_ R-10 Processor collects Corrupted Welding Torch. 14593_ P-80 Master resets S-43 Plague, system corruption cleaned. 14594_ U-05 Engineer lays Concrete. 14594_ K-01 Serf collects debris. 14594_ Lrn. Sensor Array destroyed. 14594_ P-80 Master resets P-80 Master, system corruption cleaned. 14596_ K-01 Serf collects debris. 14598_ Penetrated by Slug. 14599_ K-01 Serf collects debris. 14602_ R-10 Processor collects Lgt. Antimatter Reactor. 14603_ Meson Extractor disabled. 14603_ K-01 Serf collects debris. Map ----- +----------------------------------------------------+ | #??????????????????????????????????? | | #??????????????????????????????????? | | """" #??????????????????????????????????? | | """" #??????????????????????????????????? | | """" "" "" #??????????????????????????????????? | | """" ""S"" #??????????????????????????????????? | | """" """" #??????????????????????????????????? | | ##?????????????????????????????????? | | #?????????????????????????????????? | | ###/######/#####????????*????????????????????????? | | #????????????????????????????????????? | | #????????????????????????????????????? | | #????????????????????????????????????? | | #????????????????????????????????????? | | #????????????????????????????????????? | | #????????????????????????????????????? | | ########?????????????????????????????? | | #?????????????????????????????? | | #?????????????????????????????? | | #?????????????????????????????? | | ### #?????????????????????????????? | | ########## #?????????????????????????????? | | ##???????# #?????????????????????????????? | | ##???????# % #?????????????????????????????? | | ##???????# ########## #???????????????? | | ##???????# gYp @ #???????????????? | | #????????# suRps #???????????????? | | #????????# =kk pp +???????????????? | | ## ##????????# hk"" "" #???????????????? | | ?? #?????????# u "" gu""" #???????????????? | | ?? #?????????# % s"" R """ #???????????????? | | ?? +?????????# p #???????????????? | | ??? #???????? #???????????????? | | ???##??????? A ?????????????????? | | ???????????#### w ????????????????? | | ??????????????########+##### ] ????????????????? | | ???????????????????????????? ????????????????? | | ???????????????????????????? ?????????????????? | | ????????????????????????????!!=??????????????????? | | ???????????????????!?????????=???????????????????? | | ?????????????????????????????????????????????????? | | ?????????????????????????????????????????????????? | | ?????????????????????????????????????????????????? | | ?""????"?????????????????????????????????????????? | | ? ??????????????????????????????????????????? | | ???????????????????????????????????????????? | | """?????????????????????????????????????????????? | | """S????????????????????????????????????????????? | | """?????????????????????????????????????????????? | | ????????????????????????????????????????????? | +----------------------------------------------------+ Best States ------------- Heat Dissipation 55 Coolant Potential 120 Energy Generation 27 Energy Capacity 280 Matter Stores 300 Matter Capacity 300 Sight Range 16 Robot Scan Range 18 Terrain Scan Density 10 ECM Strength 1 Power Amplification 30 Armor Coverage 375 Propulsion Shielding 90 Utility Shielding 90 Phase Shifting 15 Evasion (%) 67 Recoil Reduction 4 Offensive Hacking 56 Defensive Hacking 28 Authchip Count 5 Item Schematics ----------------- Signal Interpreter | -10/Materials | Hacked Flight Unit | -9/Materials | Hacked Hvy. Assault Rifle | -9/Materials | Scanalyzed Seismic Detector | -9/Materials | Scanalyzed Med. Armor Plating | -9/Materials | Scanalyzed Hacking Suite | -8/Materials | Scanalyzed Cld. VTOL Module | -7/Factory | Hacked Adv. Hacking Suite | -6/Factory | Hacked Exp. Utility Shielding | -6/Factory | Hacked Exp. Propulsion Shielding | -6/Factory | Hacked Exp. Signal Interpreter | -5/Factory | Hacked Lrn. Sensor Array | -5/Factory | Hacked Nanosword | -3/Research | Hacked Centrium Medium Armor Plating | -2/Research | Hacked Robot Schematics ------------------ None Fabricated ------------ Cld. VTOL Module | x1 | -7/Factory | Authchip Cld. VTOL Module | x1 | -7/Factory | Authchip Cld. VTOL Module | x1 | -7/Factory | Authchip Adv. Hacking Suite | x1 | -6/Factory | Authchip Adv. Hacking Suite | x1 | -6/Factory | Authchip Adv. Hacking Suite | x1 | -6/Factory | Authchip Exp. Propulsion Shielding | x1 | -6/Factory | Authchip Exp. Utility Shielding | x1 | -6/Factory | Authchip Cld. VTOL Module | x1 | -6/Factory | Authchip Adv. Hacking Suite | x1 | -6/Factory | Authchip Exp. Signal Interpreter | x1 | -5/Factory | Authchip Lrn. Sensor Array | x2 | -5/Factory Exp. Propulsion Shielding | x1 | -4/Factory | Authchip Adv. Hacking Suite | x1 | -4/Factory | Authchip Exp. Utility Shielding | x1 | -3/Research | Authchip Exp. Propulsion Shielding | x1 | -3/Research | Authchip Nanosword | x1 | -3/Research | Authchip Nanosword | x1 | -3/Research | Authchip Cld. VTOL Module | x1 | -3/Research | Authchip Repaired ---------- Imp. Assault Rifle | 39% | -9/Materials Imp. Assault Rifle | 42% | -9/Materials Imp. Flight Unit | 57% | -7/Factory Cld. VTOL Module | 73% | -7/Factory Cld. VTOL Module | 78% | -7/Factory Cld. VTOL Module | 96% | -6/Factory | Broken Cld. VTOL Module | 65% | -6/Factory Cld. VTOL Module | 75% | -6/Factory Cld. VTOL Module | 53% | -5/Factory Cld. VTOL Module | 50% | -5/Factory Impulse Thruster Array | 23% | -4/Factory Cld. Cesium-ion Thruster | 37% | -4/Factory Exp. Propulsion Shielding | 67% | -4/Factory Mic. Fission Core | 28% | -4/Factory Exp. Propulsion Shielding | 23% | -2/Research Exp. Propulsion Shielding | 77% | -2/Research Cld. VTOL Module | 28% | -2/Research Studied --------- Rocket Launcher | -9/Materials | Hacked Lgt. Nuclear Core | -8/Materials | Hacked Mic. Nuclear Core | -6/Factory | Hacked Katana | -6/Factory | Hacked Power Sword | -6/Factory | Hacked Lgt. Fission Core | -5/Factory | Hacked Mic. Fission Core | -5/Factory | Hacked Impulse Thruster Array | -2/Research | Hacked Alien Tech Used ----------------- None Achievements -------------- None Challenges ------------ None Game ------ Seed InterceptControlBuckler Manual? 0 Play Time 03:57:56 Cumulative 319.2 hours Start 2025.12.21 @ 13:07:36 End 2025.12.21 @ 17:17:09 Sessions 2 Manual Loads 0 Difficulty Rogue Special Mode None Game No. 221 Rogue 220 Adventurer 1 Explorer 0 Win Type - Total 15 Types 8/1/3/1/0/0/0/1/0/1 Lore% 76 Gallery% 78 Achievement% 70 Wizard Run 0 Options --------- Layout 2 ASCII 0 Keyboard 1 Movement Arrows Keybinds 0 Fullscreen 1 Font 32/SmallcapsGlow Map View 50x44 Zoom Use 0% Tactical HUD 1 Map Filters NONE Filters NONE Steam 1 RUN: d5076dfa-b56b-483a-b4a6-fd3402a87eba